 Dungeon Crawl Stone Soup version 0.27.1-15-g792fb953b9 (webtiles) character file.

Game seed: 13621474305732224101

2795 zeram the Unseen (level 9, -1/54 HPs)
             Began as an Octopode Brigand on Nov 19, 2021.
             Was a Believer of Dithmenos.
             Succumbed to a killer bee's poison
             ... on level 7 of the Dungeon.
             The game lasted 00:13:57 (5615 turns).

zeram the Unseen (Octopode Brigand)                 Turns: 5615, Time: 00:13:58

Health: -1/54      AC:  1    Str: 11    XL:     9   Next: 71%
Magic:  9/9        EV: 18    Int: 16    God:    Dithmenos [**....]
Gold:   981        SH:  0    Dex: 13    Spells: 1/8 levels left

rFire    + . .     SeeInvis +   a - +2 dagger (spect)
rCold    . . .     Faith    .   (no shield)
rNeg     . . .     Spirit   .   (helmet restricted)
rPois    .         Reflect  .   f - amulet of regeneration
rElec    .         Harm     .   l - ring of protection from fire
rCorr    .         Rampage  .   u - +4 ring of evasion
Will     .....                  w - ring of wizardry
Stlth    ++++++++++             y - ring of see invisible
HPRegen  1.18/turn              (no ring)
MPRegen  0.11/turn              (no ring)
                                (no ring)
                                (no ring)

@: lethally poisoned (-1 -> -17), wreathed by umbra
A: almost no armour, amphibious, 8 rings, camouflage 1, gelatinous body 1,
(nimble swimmer 1), tentacles
a: Renounce Religion, Shadow Step


You were on level 7 of the Dungeon.
You worshipped Dithmenos.
Dithmenos was pleased with you.
You visited 1 branch of the dungeon, and saw 8 of its levels.

You collected 981 gold pieces.

Inventory:

Hand Weapons
 a - a +2 spectral dagger (weapon)
 v - the +2 morningstar "Fonenk" {distort, Contam Int+2 SInv}
   (You found it on level 7 of the Dungeon)

   It warps and distorts space around it, and may blink, banish, or inflict
   extra damage upon those it strikes.
   Unwielding it can cause banishment or high damage.
   Int:       It affects your intelligence (+2).
   SInv:      It lets you see invisible.
   Contam:    It causes magical contamination when unequipped.
 z - the +1 scimitar of Bright Valour {venom, rPois rF+ Dex+2 SInv}
   (You found it on level 7 of the Dungeon)

   It poisons the flesh of those it strikes.
   Dex:       It affects your dexterity (+2).
   rF:        It protects you from fire.
   rPois:     It protects you from poison.
   SInv:      It lets you see invisible.
Missiles
 b - 96 poisoned darts (quivered)
 c - 4 curare-tipped darts
 n - a throwing net
Jewellery
 f - an amulet of regeneration (around mantle)
 g - an amulet of the acrobat
 k - a ring of fire
 l - a ring of protection from fire (left tentacle)
 p - a ring of flight
 u - a +4 ring of evasion (right tentacle)
 w - a ring of wizardry (on tentacle)
 y - a ring of see invisible (on tentacle)
Wands
 e - a wand of flame (20)
 s - a wand of digging (6)
Scrolls
 j - 2 scrolls of teleportation
 r - a scroll of holy word
 t - a scroll of magic mapping
Potions
 d - a potion of might
 h - 2 potions of flight
 i - a potion of resistance
 o - 3 potions of mutation


   Skills:
 - Level 2.0 Fighting
 - Level 2.0 Short Blades
 - Level 2.0 Throwing
 + Level 3.5 Dodging
 + Level 19.1 Stealth
 + Level 0.1 Summonings
 * Level 4.6 Necromancy


You had one spell level left.
You knew the following spells:

 Your Spells              Type           Power      Damage    Failure   Level
a - Pain                  Necr           56%        1d6       1%          1
b - Vampiric Draining     Necr           7%         2d7       4%          3
c - Call Canine Familiar  Summ           0%         N/A       28%         3

Your spell library contained the following spells:

 Spells                   Type           Power      Damage    Failure   Level
 Animate Skeleton         Necr           28%        N/A       1%          1
 Summon Small Mammal      Summ           0%         N/A       10%         1
 Apportation              Tloc           0%         N/A       11%         1
 Conjure Flame            Conj/Fire      0%         6-21      28%         3
 Ignite Poison            Fire/Tmut/Pois 0%         N/A       28%         3
 Summon Guardian Golem    Hex/Summ       0%         N/A       28%         3
 Sticky Flame             Conj/Fire      0%         2d3       65%         4


Dungeon Overview and Level Annotations

Branches:
Dungeon (8/15)             Temple (0/1) D:4
   Lair: D:8-11

Altars:
Dithmenos
Fedhas
Kikubaaqudgha
Okawaru
Qazlal
Ru

Annotations:
D:7 4 runed translucent doors


Innate Abilities, Weirdness & Mutations

You cannot wear most types of armour.
You are amphibious.
You can wear up to eight rings at the same time.
Your skin changes colour to match your surroundings (Stealth+).
Your rubbery body absorbs attacks. (AC +1, EV +1)
((You are camouflaged near water. (Stealth+)))
You have tentacles for arms and can constrict up to eight enemies at once.


Message History

You climb upwards.
Level annotation: 4 runed translucent doors
There is a stone staircase leading down here.
You hit the killer bee. Your grab misses the killer bee.
Your squeeze misses the killer bee.
The killer bee is almost dead.
The killer bee barely misses you. The killer bee stings you.
You are poisoned.
The killer bee poisons you! The killer bee stings you.
You are more poisoned.
The killer bee poisons you! The killer bee misses you.
The killer bee stings you.
You are more poisoned.
The killer bee poisons you!
You barely miss the killer bee. Your grab misses the killer bee.
The killer bee is almost dead.
You feel very sick. The killer bee completely misses you.
The killer bee misses you. The killer bee completely misses you.
The killer bee misses you. The killer bee stings you.
You are more poisoned.
The killer bee poisons you! The killer bee closely misses you.
You hit the killer bee. Your grab misses the killer bee.
The killer bee is almost dead.
You feel very sick. The killer bee barely misses you.
The killer bee misses you. The killer bee stings you. x2
You are lethally poisoned!
The killer bee poisons you! The killer bee stings you!
* * * LOW HITPOINT WARNING * * *
The killer bee misses you.
You barely miss the killer bee. Your grab misses the killer bee.
You squeeze the killer bee.
You kill the killer bee!
Dithmenos accepts your kill.
* * * LOW HITPOINT WARNING * * *
You feel very sick.
The killer bee closely misses you. x2; The killer bee misses you.
It was a potion of cancellation.
You feel magically purged.
You die...

.......#####.#.###
...###.#.........# ...#
#.#.#...#.#.#
##+###.#.#...#.#.#
.........#...#.#.#
.........#...#.#.#
.........#...#.#.#
.........#...#.#y#
...............y@#
........<#...###.#
.........#...# #.#
........##...###.############
........##...#..............#
........'....#.#.##########.#
........######.#.# #.#
##.###.......#.#.# #.# #.#
#######.#.#.# #.#


You could see 2 killer bees.

Vanquished Creatures
  A basilisk (D:7)
  Menkaure (D:7)
  A water moccasin (D:7)
  An orc warrior (D:7)
  4 ice beasts
  A necrophage (D:5)
  An ogre (D:5)
  A centaur (D:7)
  A phantom (D:6)
  2 bullfrogs
  A kobold brigand (D:7)
  5 scorpions
  A water moccasin skeleton (D:5)
  5 killer bees
  A wight (D:7)
  A bullfrog zombie (D:7)
  2 centaur zombies (D:7)
  2 jellies
  3 hounds
  2 orc priests
  A bullfrog skeleton (D:6)
  A centaur skeleton (D:7)
  A gnoll shaman (D:7)
  An iguana (D:7)
  4 orc wizards
  A killer bee zombie (D:6)
  A hound skeleton (D:5)
  A howler monkey zombie (D:7)
  6 adders
  8 gnolls
  A howler monkey skeleton (D:7)
  A shadow imp (D:7)
  2 white imps
  2 ufetubi
  An adder zombie (D:4)
  2 worms (D:3)
  20 orcs
  13 bats
  9 endoplasms
  2 giant cockroaches (D:4)
  4 goblins
  5 hobgoblins
  5 quokkas
  5 ball pythons
  A frilled lizard (D:3)
  8 kobolds
  7 rats
150 creatures vanquished.

Vanquished Creatures (others)
  2 plants (D:7)
2 creatures vanquished.

Grand Total: 152 creatures vanquished

Notes
Turn   | Place    | Note
-------+----------+-------------------------------------------
     0 | D:1      | zeram the Octopode Brigand began the quest for the Orb.
     0 | D:1      | Reached XP level 1. HP: 14/14 MP: 1/1
   121 | D:1      | Reached skill level 6 in Stealth
   121 | D:1      | Reached XP level 2. HP: 19/19 MP: 2/2
   153 | D:1      | Found a faded altar of an unknown god.
   157 | D:1      | Got Plato's Guide on Displacement
   831 | D:1      | Reached XP level 3. HP: 24/24 MP: 3/3
  1197 | D:2      | Learned a level 1 spell: Pain
  1298 | D:2      | Reached skill level 7 in Stealth
  1522 | D:2      | Identified a scroll of acquirement
  1522 | D:2      | Acquired 701 gold pieces
  1860 | D:3      | Reached XP level 4. HP: 28/29 MP: 4/4
  2045 | D:3      | Reached skill level 8 in Stealth
  2113 | D:3      | Found a shadowy altar of Dithmenos.
  2116 | D:3      | Found an iron altar of Okawaru.
  2117 | D:3      | Found a sacrificial altar of Ru.
  2121 | D:3      | Became a worshipper of Dithmenos the Shadowed
  2537 | D:4      | Found a staircase to the Ecumenical Temple.
  2567 | D:4      | Reached XP level 5. HP: 6/34 MP: 5/5
  2633 | D:4      | Learned a level 3 spell: Vampiric Draining
  2665 | D:4      | Reached skill level 9 in Stealth
  2759 | D:4      | Reached XP level 6. HP: 39/39 MP: 6/6
  2846 | D:4      | Reached skill level 10 in Stealth
  2917 | D:4      | Found an ancient bone altar of Kikubaaqudgha.
  3147 | D:5      | Entered Level 5 of the Dungeon
  3153 | D:5      | Acquired a manual of Stealth
  3422 | D:5      | Reached skill level 11 in Stealth
  3449 | D:5      | Reached skill level 12 in Stealth
  3449 | D:5      | Reached XP level 7. HP: 37/45 MP: 7/7
  3473 | D:5      | Reached * piety under Dithmenos
  3486 | D:5      | Reached skill level 13 in Stealth
  3749 | D:5      | Reached skill level 1 in Necromancy
  3976 | D:6      | Reached skill level 14 in Stealth
  3996 | D:6      | Reached XP level 8. HP: 43/50 MP: 8/8
  4036 | D:6      | Reached skill level 15 in Stealth
  4279 | D:6      | Reached skill level 16 in Stealth
  4502 | D:7      | Found a blossoming altar of Fedhas.
  4503 | D:7      | Found a stormy altar of Qazlal.
  4638 | D:7      | Reached skill level 17 in Stealth
  4673 | D:7      | Learned a level 3 spell: Call Canine Familiar
  4767 | D:7      | Reached XP level 9. HP: 54/54 MP: 9/9
  4884 | D:7      | Reached ** piety under Dithmenos
  4991 | D:7      | Found a large runed translucent door.
  5033 | D:7      | Reached skill level 18 in Stealth
  5045 | D:7      | Found a large runed translucent door.
  5046 | D:7      | Found a large runed translucent door.
  5060 | D:7      | Found a large runed translucent door.
  5104 | D:7      | Identified the +2 morningstar "Fonenk" {distort, Contam
                  | Int+2 SInv}
  5147 | D:7      | Noticed Menkaure
  5154 | D:7      | Killed Menkaure
  5252 | D:7      | Identified the +1 scimitar of Bright Valour {venom, rPois
                  | rF+ Dex+2 SInv}
  5329 | D:7      | Identified the +1 leather armour "Ewopo" {rC+}
  5334 | D:7      | Reached skill level 19 in Stealth
  5615 | D:7      | Succumbed to a killer bee's poison

Illustrated notes

Levels and vault maps discovered:
D:1:      eino_arrival_druids_welcome, layout_loops_corners,
          shapermc_ecumenical_altar_rom_forum
D:2:      layout_loops_ring
D:3:      layout_loops_ring, minitemple
D:4:      layout_cave_pools, mainiacjoe_overflow_boulevard, temple_statues,
          amcnicky_mini_corridor_feature
D:5:      layout_loops_ring
D:6:      layout_cave_pools, chequers_serial_rivers_micro_c
D:7:      layout_basic, grunt_temple_overflow_forces_of_nature,
          minmay_hollow_rounded_squares, uniq_menkaure
D:8:      layout_loops_corners, nicolae_hepliaklqana_ecumenical_no_more,
          serial_aquarium, aquarium_bridge_straight [aquarium_subvault_bridge,
          aquarium_subvault_window, aquarium_subvault_bridge,
          aquarium_subvault_window], aquarium_window_corner,
          aquarium_window_corridor_3, aquarium_view_2d, aquarium_view_2a,
          aquarium_pool_side

Skill      XL: |  1  2  3  4  5  6  7  8  9 |
---------------+----------------------------+-----
Stealth        | 6 7 8 9 12 14 17 19 | 19.1
Dodging        | 2 3 |  3.5
Necromancy     | 1 3 4 |  4.6
Fighting       | |  2.0
Short Blades   | |  2.0
Throwing       | |  2.0
Summonings     | |  0.1

Action                   |  1- 3 |  4- 6 |  7- 9 || total
-------------------------+-------+-------+-------++-------
Melee: Dagger            |    58 |    92 |   179 ||   329
       Constrict         |     8 |    22 |    24 ||    54
       Tentacles         |     3 |    13 |    34 ||    50
 Cast: Call Canine Famil |       |       |     1 ||     1
  Use: Scroll            |     5 |     9 |     6 ||    20
       Potion            |       |       |     3 ||     3
 Stab: Sleeping          |    29 |    10 |    33 ||    72
       Distracted        |     1 |     1 |     5 ||     7
Armor: Skin              |     2 |     4 |     5 ||    11
Dodge: Dodged            |    17 |    50 |   133 ||   200
